MLB
BOSTON RED SOX @ NEW YORK YANKEES
06/16/2039
 
TOP OF THE 1ST
Boston Red Sox batting - Pitching for New York Yankees : RHP Greg Cook
Pitching: RHP Greg Cook
Batting: LHB Marcelo Mayer 0-0: Called Strike
0-1: Foul Ball, location: 5DF
0-2: Ball
1-2: Foul Ball, location: 2F
1-2: Ball
2-2: Strikes out looking
Batting: LHB Brendan Stogner 0-0: Called Strike
0-1: Ball
1-1: SINGLE (Line Drive, 3D, EV 98.1 MPH)
Batting: RHB Ronald Acuna Jr. 0-0: Ball
1-0: Called Strike
1-1: Ball
2-1: Called Strike
2-2: Strikes out looking
Batting: RHB Phil Lafnear 0-0: Fly out, F7 (Flyball, 7, EV 90.6 MPH)
Top of the 1st over - 0 runs, 1 hit, 0 errors, 1 left on base; Boston 0 - New York 0
BOTTOM OF THE 1ST
New York Yankees batting - Pitching for Boston Red Sox : RHP Jong-in Choi
Pitching: RHP Jong-in Choi
Batting: SHB Felix Bocanegra 0-0: Called Strike
0-1: Swinging Strike
0-2: Strikes out looking
Batting: LHB Chris Eley 0-0: Ball
1-0: Called Strike
1-1: Called Strike
1-2: Ball
2-2: Strikes out looking
Batting: SHB Israel Armendariz 0-0: Foul Ball, location: 2F
0-1: Foul Ball, location: 2F
0-2: Ball
1-2: Strikes out swinging, 2-3 out at first.
Bottom of the 1st over - 0 runs, 0 hits, 0 errors, 0 left on base; Boston 0 - New York 0
TOP OF THE 2ND
Boston Red Sox batting - Pitching for New York Yankees : RHP Greg Cook
Batting: RHB Juan Burruel 0-0: Ball
1-0: Ball
2-0: Ball
3-0: Called Strike
3-1: Foul Ball, location: 3F
3-2: SOLO HOME RUN (Flyball, 78XD, EV 101.9 MPH), Distance : 407 ft
Batting: RHB Kevin Keller 0-0: Called Strike
0-1: Ball
1-1: SINGLE (Groundball, 15, EV 71.3 MPH) (infield hit)
Batting: RHB Yohann Gil 0-0: Ball
1-0: Grounds into double play, 6-4-3 (Groundball, 6, EV 80.6 MPH)
Batting: RHB David Andino 0-0: SINGLE (Line Drive, 9LS, EV 98.1 MPH)
Batting: RHB Josh Levine 0-0: Ball
1-0: Ball
2-0: Ball
3-0: Called Strike
3-1: Base on Balls
David Andino to second
Batting: LHB Marcelo Mayer 0-0: Ball
1-0: Swinging Strike
1-1: Foul Ball, location: 7LMF
1-2: Ball
2-2: Strikes out swinging
Top of the 2nd over - 1 run, 3 hits, 0 errors, 2 left on base; Boston 1 - New York 0
BOTTOM OF THE 2ND
New York Yankees batting - Pitching for Boston Red Sox : RHP Jong-in Choi
Batting: LHB Jordan Valencia 0-0: Ball
1-0: Ball
2-0: Ball
3-0: Base on Balls
Batting: RHB Vladimir Guerrero Jr. 0-0: Ball
1-0: Ball
2-0: Called Strike
2-1: Swinging Strike
2-2: Ball
3-2: Strikes out swinging
Jordan Valencia is caught stealing 2nd base 2-4
Batter strikes out.
Batting: RHB Alex Sandoval 0-0: Swinging Strike
0-1: Foul Ball, location: 3SF
0-2: Ball
1-2: Strikes out swinging
Bottom of the 2nd over - 0 runs, 0 hits, 0 errors, 0 left on base; Boston 1 - New York 0
TOP OF THE 3RD
Boston Red Sox batting - Pitching for New York Yankees : RHP Greg Cook
Batting: LHB Brendan Stogner 0-0: Ball
1-0: Ball
2-0: Called Strike
2-1: Swinging Strike
2-2: Strikes out looking
Batting: RHB Ronald Acuna Jr. 0-0: Ball
1-0: Swinging Strike
1-1: Ball
2-1: Foul Ball, location: 2F
2-2: Ball
3-2: Ground out 5-3 (Groundball, 5, EV 91.3 MPH)
Batting: RHB Phil Lafnear 0-0: Called Strike
0-1: Ball
1-1: Fly out, F8 (Flyball, 8RM, EV 98.1 MPH)
Top of the 3rd over - 0 runs, 0 hits, 0 errors, 0 left on base; Boston 1 - New York 0
BOTTOM OF THE 3RD
New York Yankees batting - Pitching for Boston Red Sox : RHP Jong-in Choi
Batting: RHB Danny Padilla 0-0: Called Strike
0-1: Ball
1-1: Ball
2-1: Ball
3-1: Ground out 5-3 (Groundball, 56, EV 104.4 MPH)
Batting: RHB Dave Staitie 0-0: Called Strike
0-1: Called Strike
0-2: Ball
1-2: Ball
2-2: Ball
3-2: Base on Balls
Batting: SHB Jamie Castel 0-0: Ball
1-0: SINGLE (Groundball, 13S, EV 71.9 MPH) (infield hit)
Dave Staitie to second
Batting: SHB Felix Bocanegra 0-0: Foul Ball, location: 2F
0-1: Ball
1-1: Ball
2-1: Called Strike
2-2: Ball
3-2: Grounds into double play, U6-3 (Groundball, 4M, EV 103.1 MPH)
Bottom of the 3rd over - 0 runs, 1 hit, 0 errors, 1 left on base; Boston 1 - New York 0
TOP OF THE 4TH
Boston Red Sox batting - Pitching for New York Yankees : RHP Greg Cook
Batting: RHB Juan Burruel 0-0: Ball
1-0: Called Strike
1-1: Ball
2-1: Foul Ball, location: 7LSF
2-2: Strikes out swinging
Batting: RHB Kevin Keller 0-0: Called Strike
0-1: Called Strike
0-2: Foul Ball, location: 9LDF
0-2: Fly out, F9 (Flyball, 9, EV 100.0 MPH)
Batting: RHB Yohann Gil 0-0: Foul Ball, location: 2F
0-1: SINGLE (Groundball, 34D, EV 83.1 MPH) (infield hit)
Batting: RHB David Andino 0-0: Ball
1-0: Called Strike
1-1: Fly out, F4 (Line Drive, 4, EV 61.3 MPH)
Top of the 4th over - 0 runs, 1 hit, 0 errors, 1 left on base; Boston 1 - New York 0
BOTTOM OF THE 4TH
New York Yankees batting - Pitching for Boston Red Sox : RHP Jong-in Choi
Batting: LHB Chris Eley 0-0: Ball
1-0: Foul Ball, location: 25F
1-1: SINGLE (Line Drive, 8LS, EV 102.5 MPH)
Batting: SHB Israel Armendariz 0-0: Foul Ball, location: 7LDF
0-1: Called Strike
0-2: Ball
1-2: Strikes out swinging
Batting: LHB Jordan Valencia 0-0: Ball
1-0: Fly out, F2 (Popup, 25F, EV 82.5 MPH)
Batting: RHB Vladimir Guerrero Jr. 0-0: Swinging Strike
0-1: Ball
1-1: DOUBLE (Groundball, 5L, EV 94.4 MPH)
Chris Eley to third
Runner from 3rd tries for Home, SAFE, no throw by LF
Batting: RHB Alex Sandoval 0-0: Ball
1-0: Ball
2-0: Called Strike
2-1: Foul Ball, location: 5F
2-2: Fly out, F8 (Flyball, 8LM, EV 99.4 MPH)
Bottom of the 4th over - 1 run, 2 hits, 0 errors, 1 left on base; Boston 1 - New York 1
TOP OF THE 5TH
Boston Red Sox batting - Pitching for New York Yankees : RHP Greg Cook
Batting: RHB Josh Levine 0-0: Called Strike
0-1: Foul Ball, location: 3FF
0-2: Ground out U3 (Groundball, 34S, EV 78.8 MPH)
Batting: LHB Marcelo Mayer 0-0: Ball
1-0: Ball
2-0: Ground out U3 (Groundball, 34, EV 100.0 MPH)
Batting: LHB Brendan Stogner 0-0: Swinging Strike
0-1: Ball
1-1: Ball
2-1: DOUBLE (Flyball, 78D, EV 95.0 MPH)
Batting: RHB Ronald Acuna Jr. 0-0: Ball
1-0: DOUBLE (Flyball, 89XD, EV 107.5 MPH)
Brendan Stogner scores
Batting: RHB Phil Lafnear 0-0: Ball
1-0: Swinging Strike
1-1: Ball
2-1: Ball
3-1: Swinging Strike
3-2: Strikes out swinging
Top of the 5th over - 1 run, 2 hits, 0 errors, 1 left on base; Boston 2 - New York 1
BOTTOM OF THE 5TH
New York Yankees batting - Pitching for Boston Red Sox : RHP Jong-in Choi
Batting: RHB Danny Padilla 0-0: Ball
1-0: Ball
2-0: Called Strike
2-1: Ball
3-1: Ground out 6-3 (Groundball, 6, EV 91.3 MPH)
Batting: RHB Dave Staitie 0-0: SINGLE (Line Drive, 7S, EV 106.3 MPH)
Batting: SHB Jamie Castel 0-0: Foul Ball, location: 2F
Balk!
Dave Staitie to second
0-1: Ball
1-1: Ball
2-1: Ball
3-1: SINGLE (Flyball, 7LS, EV 90.6 MPH)
Dave Staitie to third
Batting: SHB Felix Bocanegra 0-0: Called Strike
0-1: Called Strike
0-2: Ball
1-2: Ball
2-2: Ball
Wild Pitch!
Dave Staitie scores
Jamie Castel to second
3-2: Foul Ball, location: 2F
3-2: Ground out U3 (Groundball, 34, EV 88.1 MPH)
Jamie Castel to third
Batting: LHB Chris Eley 0-0: Ball
1-0: Ball
2-0: Fly out, F9 (Line Drive, 89D, EV 91.3 MPH)
Bottom of the 5th over - 1 run, 2 hits, 0 errors, 1 left on base; Boston 2 - New York 2
TOP OF THE 6TH
Boston Red Sox batting - Pitching for New York Yankees : RHP Greg Cook
Batting: RHB Juan Burruel 0-0: Fly out, F5 (Popup, 5SF, EV 66.3 MPH)
Batting: RHB Kevin Keller 0-0: Called Strike
0-1: Fly out, F8 (Flyball, 8LD, EV 85.6 MPH)
Batting: RHB Yohann Gil 0-0: Ball
1-0: Ball
2-0: Ball
3-0: Foul Ball, location: 3FF
3-1: Foul Ball, location: 5FF
3-2: SINGLE (Line Drive, 7LS, EV 109.4 MPH)
Pitching: LHP Josh Eubanks
Batting: RHB David Andino 0-0: Ball
1-0: Ball
2-0: Called Strike
2-1: Ball
3-1: SINGLE (Groundball, 4, EV 86.9 MPH) (infield hit)
Yohann Gil to second
Batting: RHB Josh Levine 0-0: Ball
1-0: Ball
2-0: Foul Ball, location: 2F
2-1: Fly out, F8 (Flyball, 8LD, EV 100.0 MPH)
Top of the 6th over - 0 runs, 2 hits, 0 errors, 2 left on base; Boston 2 - New York 2
BOTTOM OF THE 6TH
New York Yankees batting - Pitching for Boston Red Sox : RHP Jong-in Choi
Pitching: RHP Mike Dunk
Pinch Hitting: SHB Robert Puason 0-0: Ball
1-0: Called Strike
1-1: Foul Ball, location: 5DF
1-2: Strikes out swinging
Batting: LHB Jordan Valencia 0-0: Ball
1-0: Foul Ball, location: 2LF
1-1: Ground out 6-3 (Groundball, 6, EV 85.0 MPH)
Batting: RHB Vladimir Guerrero Jr. 0-0: Called Strike
0-1: Ball
1-1: Foul Ball, location: 2F
1-2: Ball
2-2: Foul Ball, location: 2F
2-2: Strikes out swinging
Bottom of the 6th over - 0 runs, 0 hits, 0 errors, 0 left on base; Boston 2 - New York 2
TOP OF THE 7TH
Boston Red Sox batting - Pitching for New York Yankees : LHP Josh Eubanks
Pitching: RHP Tyler Gough
Now at 1B: Felix Bocanegra
Now at 2B: Robert Puason
Batting: LHB Marcelo Mayer 0-0: Foul Ball, location: 25FF
0-1: Ball
1-1: Foul Ball, location: 2F
1-2: Strikes out swinging
Batting: LHB Brendan Stogner 0-0: Ball
1-0: Ball
2-0: Ball
3-0: Called Strike
3-1: Base on Balls
Batting: RHB Ronald Acuna Jr. 0-0: Ball
1-0: TRIPLE (Flyball, 9LD, EV 100.0 MPH)
Brendan Stogner scores
Batting: RHB Phil Lafnear 0-0: Ball
1-0: Ball
2-0: Fly out, F7 (Flyball, 78S, EV 80.0 MPH)
Batting: RHB Juan Burruel 0-0: Called Strike
0-1: Ball
1-1: Foul Ball, location: 3F
1-2: Ball
2-2: Strikes out swinging
Top of the 7th over - 1 run, 1 hit, 0 errors, 1 left on base; Boston 3 - New York 2
BOTTOM OF THE 7TH
New York Yankees batting - Pitching for Boston Red Sox : RHP Mike Dunk
Pitching: RHP Irving Medina
Batting: RHB Alex Sandoval 0-0: Ball
1-0: Ball
2-0: Fly out, F8 (Flyball, 89M, EV 92.5 MPH)
Batting: RHB Danny Padilla 0-0: Called Strike
0-1: Swinging Strike
0-2: Ball
1-2: Ball
2-2: Foul Ball, location: 23FF
2-2: Ground out 6-3 (Groundball, 6, EV 88.1 MPH)
Batting: RHB Dave Staitie 0-0: Ball
1-0: Ball
2-0: Ground out 6-3 (Groundball, 6M, EV 88.8 MPH)
Bottom of the 7th over - 0 runs, 0 hits, 0 errors, 0 left on base; Boston 3 - New York 2
TOP OF THE 8TH
Boston Red Sox batting - Pitching for New York Yankees : RHP Tyler Gough
Batting: RHB Kevin Keller 0-0: Foul Ball, location: 2F
0-1: Foul Ball, location: 9LMF
0-2: Strikes out swinging
Batting: RHB Yohann Gil 0-0: Foul Ball, location: 2F
0-1: Foul Ball, location: 23F
0-2: Ball
1-2: Strikes out swinging
Batting: RHB David Andino 0-0: Foul Ball, location: 5FF
0-1: Ground out 5-3 (Groundball, 56, EV 78.1 MPH)
Top of the 8th over - 0 runs, 0 hits, 0 errors, 0 left on base; Boston 3 - New York 2
BOTTOM OF THE 8TH
New York Yankees batting - Pitching for Boston Red Sox : RHP Irving Medina
Pitching: LHP Erwin de Leeuw
Batting: SHB Jamie Castel 0-0: Called Strike
0-1: SINGLE (Line Drive, 5D, EV 101.9 MPH)
Batting: SHB Felix Bocanegra 0-0: Called Strike
0-1: Foul Ball, location: 2F
0-2: Foul Ball, location: 5FF
0-2: Ball
1-2: Ball
2-2: Foul Ball, location: 9LSF
2-2: Ball
3-2: Foul Ball, location: 5F
3-2: Base on Balls
Jamie Castel to second
Pinch Runner at 2nd Jared McHenry:
Pinch Hitting: RHB Cetas Ranga 0-0: Ball
1-0: Foul Ball, location: 2F
1-1: Ball
2-1: Ball
3-1: Called Strike
3-2: Base on Balls
Jared McHenry to third
Felix Bocanegra to second
Batting: SHB Robert Puason 0-0: Ball
1-0: Swinging Strike
1-1: Called Strike
1-2: DOUBLE (Flyball, 5D, EV 95.0 MPH)
Jared McHenry scores
Felix Bocanegra scores
Cetas Ranga to third
Pitching: RHP Josh Berger
Batting: LHB Jordan Valencia 0-0: Ball
1-0: Called Strike
1-1: Swinging Strike
1-2: Ball
2-2: 3-RUN HOME RUN (Flyball, 89XD, EV 110.6 MPH), Distance : 400 ft
Batting: RHB Vladimir Guerrero Jr. 0-0: Ball
1-0: Swinging Strike
1-1: Fly out, F7 (Flyball, 7D, EV 106.3 MPH)
Batting: RHB Alex Sandoval 0-0: Called Strike
0-1: Swinging Strike
0-2: Ball
1-2: Ground out 6-3 (Groundball, 6, EV 105.0 MPH)
Batting: RHB Danny Padilla 0-0: Ball
1-0: Ball
2-0: Foul Ball, location: 23FF
2-1: Ball
3-1: Base on Balls
Batting: RHB Dave Staitie 0-0: Called Strike
0-1: Fielders Choice at 2nd, 6-4 (Groundball, 6, EV 82.5 MPH)
Bottom of the 8th over - 5 runs, 3 hits, 0 errors, 1 left on base; Boston 3 - New York 7
TOP OF THE 9TH
Boston Red Sox batting - Pitching for New York Yankees : RHP Tyler Gough
Pitching: RHP Justin Long
Now at 2B: Dave Staitie
Now at SS: Jared McHenry
Now in LF: Jordan Valencia
Now in CF: Cetas Ranga
Now in RF: Chris O'Malley
Batting: RHB Josh Levine 0-0: Ball
1-0: Ball
2-0: Foul Ball, location: 9LSF
2-1: Ground out 6-3 (Groundball, 6, EV 82.5 MPH)
Batting: LHB Marcelo Mayer 0-0: Swinging Strike
0-1: Foul Ball, location: 7LDF
0-2: Ball
1-2: Foul Ball, location: 9LSFF
1-2: Strikes out looking
Batting: LHB Brendan Stogner 0-0: Ball
1-0: Foul Ball, location: 7LDF
1-1: Ball
2-1: Called Strike
2-2: Ground out U3 (Groundball, 3, EV 86.9 MPH)
Top of the 9th over - 0 runs, 0 hits, 0 errors, 0 left on base; Boston 3 - New York 7
Thursday, April 4th , 2024 - OOTP Baseball 24.10 Build 82